 Dungeon Crawl Stone Soup version 0.27-a0-1186-g8b4daa1eef (webtiles) character file.

Game seed: 3487585834223211272

267 kek2 the Poker (level 6, 0/48 HPs)
             Began as a Merfolk Gladiator on May 19, 2021.
             Succumbed to a scorpion's poison
             ... on level 3 of the Dungeon.
             The game lasted 00:07:01 (3701 turns).

kek2 the Poker (Merfolk Gladiator)                  Turns: 3701, Time: 00:07:02

Health: 0/48       AC:  8    Str: 12 (15) XL:     6   Next: 21%
Magic:  6/6        EV: 12    Int:  7 (9)  God:
Gold:   41         SH:  0    Dex: 13 (15) Spells: 5/5 levels left

rFire    . . .     SeeInvis .   a - +0 trident
rCold    . . .     Faith    .   (no shield)
rNeg     . . .     Spirit   .   e - +0 ring mail
rPois    .         Reflect  .   c - +0 helmet
rElec    .         Harm     .   p - +0 cloak {Will+}
rCorr    .         Rampage  .   (no gloves)
Will     +....                  o - +0 pair of boots
Stlth    +.........             (no amulet)
HPRegen  0.16/turn              (no ring)
MPRegen  0.10/turn              (no ring)

@: lethally poisoned (0 -> -9), flying
A: (nimble swimmer 2), mertail
a: no special abilities


You were on level 3 of the Dungeon.
You visited 1 branch of the dungeon, and saw 4 of its levels.

You collected 201 gold pieces.
You spent 160 gold pieces at shops.

Inventory:

Hand Weapons
 a - a +0 trident (weapon)
 m - a +0 dagger of venom
Missiles
 d - 3 throwing nets (quivered)
Armour
 c - a +0 helmet (worn)
 e - a +0 ring mail (worn)
 g - a +0 scale mail
 o - a +0 pair of boots (worn)
 p - a +0 cloak of willpower (worn)
Scrolls
 f - a scroll of immolation {unknown}
 h - a scroll of enchant armour {unknown}
 i - a scroll of summoning {unknown}
 j - a scroll of fog {unknown}
 l - a scroll of blinking {unknown}
 n - a scroll of noise {unknown}
 q - a scroll of teleportation {unknown}
Potions
 b - 2 potions of might


   Skills:
 + Level 3.9 Fighting
 * Level 7.6 Polearms
 - Level 2.0 Throwing
 + Level 5.5 Dodging


You had 5 spell levels left.
You didn't know any spells.
Your spell library contained the following spells:

 Spells                   Type           Power      Damage    Failure   Level
 Magic Dart               Conj           0%         1d3       71%         1
 Blink                    Tloc           N/A        N/A       85%         2
 Call Imp                 Summ           0%         N/A       85%         2
 Slow                     Hex            0%         N/A       85%         2
 Conjure Flame            Conj/Fire      0%         6-21      97%         3
 Mephitic Cloud           Conj/Pois/Air  0%         N/A       97%         3


Dungeon Overview and Level Annotations

Branches:
Dungeon (4/15)
 Temple: D:4-7

Altars:
Dithmenos
Elyvilon

Shops:
D:2 [   D:3 *

Annotations:
D:4 Eustachio


Innate Abilities, Weirdness & Mutations

((You are quick and stealthy near water. (Stealth+, EV+, Speed+++)))
Your lower body shifts to a powerful aquatic tail in water.


Message History

You barely miss the scorpion.
The scorpion is heavily wounded.
You feel sick. The scorpion stings you.
You are more poisoned.
The scorpion poisons you! The scorpion stings you.
You are lethally poisoned!
The scorpion poisons you!
You barely miss the scorpion.
The scorpion is heavily wounded.
You feel very sick. The scorpion closely misses you.
Okay, then.
You barely miss the scorpion.
The scorpion is heavily wounded.
* * * LOW HITPOINT WARNING * * *
You feel very sick. The scorpion barely misses you.
You barely miss the scorpion.
The scorpion is heavily wounded.
* * * LOW HITPOINT WARNING * * *
You feel very sick.
The scorpion stings you but does no damage.
It was a potion of degeneration.
There was something very wrong with that liquid.
You feel weakened.
You feel dopey.
You feel clumsy.
* * * LOW HITPOINT WARNING * * *
You feel very sick. The scorpion stings you.
* * * LOW HITPOINT WARNING * * *
It was a potion of curing.
You feel better. The scorpion stings you.
* * * LOW HITPOINT WARNING * * *
You are lethally poisoned!
The scorpion poisons you!
It was a potion of flight.
You feel very buoyant.
You fly up into the air.
* * * LOW HITPOINT WARNING * * *
You feel very sick.
The scorpion stings you but does no damage.
You die...

....#..#.#...#.##.######.##......
........................[##......
..#.#..#.#...#.##.######.##......
....#..#........).# ####.##......
..#......#.....######....##......
.............)o).........##......
.......#.#...#s######....##......
#.#.#..#.#.....................##
................@................
.............#.##..#####.########
.......#.#...#.##..#####.########
#.#.##)#.........................
.............#.##........#######<
#.#....#.....#.##(.#####.# ##
.........................#
###.####.....#.##..####### #.#
##...............#


You could see a scorpion and an orc.

Vanquished Creatures
  A phantom (D:3)
  A scorpion (D:3)
  Terence (D:3)
  Robin (D:2)
  An adder (D:3)
  A worm (D:3)
  A dart slug (D:2)
  6 orcs (D:3)
  5 ball pythons
  7 bats
  2 endoplasms
  A giant cockroach (D:3)
  10 goblins
  12 hobgoblins
  3 jackals (D:1)
  5 quokkas
  3 frilled lizards (D:1)
  4 kobolds
  12 rats
77 creatures vanquished.

Notes
Turn   | Place    | Note
-------+----------+-------------------------------------------
     0 | D:1      | kek2 the Merfolk Gladiator began the quest for the Orb.
     0 | D:1      | Reached XP level 1. HP: 16/16 MP: 1/1
    80 | D:1      | Reached XP level 2. HP: 20/23 MP: 2/2
   262 | D:1      | Reached skill level 5 in Polearms
   758 | D:1      | Reached XP level 3. HP: 28/28 MP: 3/3
  1271 | D:2      | Found a faded altar of an unknown god.
  1345 | D:2      | Noticed Robin
  1680 | D:3      | Reached XP level 4. HP: 22/35 MP: 4/4
  1979 | D:3      | Reached skill level 6 in Polearms
  1995 | D:2      | Killed Robin
  2112 | D:2      | Found Qaixt's Armour Shoppe.
  2165 | D:2      | Bought a +0 pair of boots for 45 gold pieces
  2165 | D:2      | Bought a +0 cloak of willpower for 115 gold pieces
  2592 | D:3      | Found Taegoise's General Store.
  2795 | D:3      | Noticed Terence
  2807 | D:3      | Killed Terence
  2808 | D:3      | Reached skill level 5 in Dodging
  2808 | D:3      | Reached XP level 5. HP: 33/41 MP: 5/5
  2886 | D:3      | Reached skill level 7 in Polearms
  2974 | D:3      | Found a white marble altar of Elyvilon.
  3133 | D:3      | Found a shadowy altar of Dithmenos.
  3377 | D:4      | Noticed Eustachio
  3418 | D:4      | Noticed a phantom
  3486 | D:3      | Killed a phantom
  3487 | D:3      | Reached XP level 6. HP: 16/48 MP: 6/6
  3698 | D:3      | HP: 2/48 [scorpion (5)]
  3701 | D:3      | Succumbed to a scorpion's poison

Illustrated notes

Levels and vault maps discovered:
D:1:      scummos_arrival_hexagon, layout_basic, serial_bayou,
          serial_bayou_lake_a, serial_bayou_crossing, serial_bayou_shore_a,
          serial_bayou_ford_a, minmay_rat_gold_closets
D:2:      layout_rooms, serial_shops, shop_statue,
          ebering_ecumenical_altar_abandoned, grunt_decor_cap,
          kennysheep_generic_room_13, uniq_robin
D:3:      layout_basic, elyvilon_altar_4, lemuel_crystal_altar, serial_shops,
          shop, uniq_terence
D:4:      layout_cave_pools, uniq_eustachio, uniq_sigmund

Skill      XL: |  1  2  3  4  5 |
---------------+----------------+-----
Polearms       | 5 6 7 |  7.6
Fighting       | 3 |  3.9
Dodging        | 5 |  5.5
Throwing       | |  2.0

Action                   |  1- 3 |  4- 6 || total
-------------------------+-------+-------++-------
Melee: Trident           |   144 |   105 ||   249
  Use: Potion            |       |     3 ||     3
 Stab: Sleeping          |     1 |       ||     1
Armor: Leather armour    |     9 |       ||     9
       Ring mail         |    38 |    21 ||    59
Dodge: Dodged            |    87 |    49 ||   136

Table legend: (Time is in decaauts)
 A = Elapsed time spent in this place.
 B = Non-inter-level travel time spent in this place.
 C = Inter-level travel time spent in this place.
 D = Time resting spent in this place.
 E = Time spent auto-exploring this place.
 F = Levels seen in this place.
 G = Mean time per level.
                   A        B        C        D        E       F      G
               +--------+--------+--------+--------+--------+-----+--------+
         Total |   3652 |   3443 |    209 |    732 |   2114 |   4 |  913.0 |
       Dungeon |   3652 |   3443 |    209 |    732 |   2114 |   4 |  913.0 |
               +--------+--------+--------+--------+--------+-----+--------+

Top non-repeatable levels by time:
     D:3: 1893 daAuts
     D:1: 1149 daAuts
     D:2: 594 daAuts
     D:4: 14 daAuts
